 Dungeon Crawl Stone Soup version 0.28.0-47-ge53b351184 (webtiles) character file.

Game seed: 10215468971019038350

84 Cak3Hol3 the Poker (level 4, 0/33 (34) HPs)
             Began as a Merfolk Gladiator on May 4, 2022.
             Slain by Grinder (5 damage)
             ... on level 3 of the Dungeon.
             The game lasted 00:06:55 (2219 turns).

Cak3Hol3 the Poker (Merfolk Gladiator)              Turns: 2219, Time: 00:06:55

HP:   0/33 (34)     AC:  6    Str: 14    XL:     4   Next: 45%
MP:   4/4           EV: 12    Int:  7    God:
Gold: 149           SH:  0    Dex: 17    Spells: 3/3 levels left

rFire   . . .      SeeInvis .   k - +1 dagger (drain)
rCold   . . .      Faith    .   (no shield)
rNeg    . . .      Spirit   .   i - +0 ring mail
rPois   .          Reflect  .   c - +0 helmet
rElec   .          Harm     .   (no cloak)
rCorr   .          Rampage  .   (no gloves)
Will    .....                   (no boots)
Stlth   +.........              (no amulet)
HPRegen 0.11/turn               (no ring)
MPRegen 0.09/turn               (no ring)

@: lightly drained
A: (nimble swimmer 2), mertail
a: no special abilities


You were on level 3 of the Dungeon.
You visited 1 branch of the dungeon, and saw 3 of its levels.

You collected 149 gold pieces.

Inventory:

Hand Weapons
 a - a +0 trident
 k - a +1 dagger of draining (weapon)
Missiles
 d - 2 throwing nets (quivered)
Armour
 b - a +0 leather armour
 c - a +0 helmet (worn)
 i - a +0 ring mail (worn)
Scrolls
 f - 2 scrolls of identify {unknown}
 g - a scroll of teleportation {unknown}
 h - a scroll of blinking {unknown}
Potions
 e - a potion of invisibility {unknown}
 j - 2 potions of curing {unknown}


   Skills:
 + Level 2.4 Fighting
 + Level 0.1 Short Blades
 * Level 6.3 Polearms
 + Level 2.2 Throwing
 + Level 0.6 Armour
 + Level 4.4 Dodging
 * Level 0.6 Stealth


You had 3 spell levels left.
You didn't know any spells.
Your spell library was empty.

Dungeon Overview and Level Annotations

Branches:
Dungeon (3/15)

Altars:

Annotations:
D:3 Grinder


Innate Abilities, Weirdness & Mutations

((You are very nimble when in or above water. (Stealth+, EV+, Speed+++)))
Your lower body shifts to a powerful aquatic tail in water.


Message History

You are more poisoned.
The adder poisons you!
You feel sick.
You feel sick.
You hit the adder.
The adder is heavily wounded.
You feel sick. The adder barely misses you. x2
You hit the adder but do no damage.
The adder is heavily wounded.
You feel sick. The adder barely misses you.
You hit the adder but do no damage.
The adder is heavily wounded.
You feel sick. The adder bites you.
You are more poisoned.
The adder poisons you!
You hit the adder.
The adder is almost dead.
You feel sick. The adder bites you but does no damage.
You hit the adder.
You kill the adder!
You feel sick.
You feel sick. Grinder gestures at you. You resist with significant effort.
You closely miss Grinder.
You feel sick. Grinder gestures at you. You resist with significant effort.
You hit Grinder.
Grinder is lightly wounded.
You feel sick. Grinder hits you.
* * * LOW HITPOINT WARNING * * *
You writhe in agony.
* * * LOW HITPOINT WARNING * * *
You barely miss Grinder.
Grinder is lightly wounded.
You feel sick.
You are no longer poisoned.
Grinder barely misses you. Grinder hits you.
You die...

#.....###.# ##.## .#
##...#.#.####...##.#
##.###.## .......(
#.# #.# ....... #.#
#.# #.#.... #.#
#.######.#...♣ #.#
#...........♣ #.#
########+#....
###@###### .....
#..5.....# ..^...
#.###.....# ...5..(
#.# ...... .....>.#
..# .............+
##.. ...#.........#
### .## .#


You could see Grinder.

Vanquished Creatures
  Jessica (D:2)
  2 adders
  A dart slug (D:1)
  4 ball pythons
  7 endoplasms
  2 giant cockroaches
  2 hobgoblins (D:2)
  4 jackals (D:2)
  2 bats
  2 frilled lizards
  5 goblins
  A kobold (D:2)
  4 rats
37 creatures vanquished.

Notes
Turn   | Place    | Note
-------+----------+-------------------------------------------
     0 | D:1      | Cak3Hol3 the Merfolk Gladiator began the quest for the Orb.
     0 | D:1      | Reached XP level 1. HP: 16/16 MP: 1/1
    60 | D:1      | Reached XP level 2. HP: 16/22 MP: 2/2
   308 | D:1      | Reached skill level 5 in Polearms
   939 | D:2      | Noticed Jessica
   943 | D:2      | Killed Jessica
   944 | D:2      | Reached XP level 3. HP: 28/28 MP: 3/3
  1247 | D:2      | Reached skill level 6 in Polearms
  1419 | D:2      | Reached XP level 4. HP: 29/29 MP: 4/4
  1875 | D:3      | Noticed Grinder
  1887 | D:3      | Paralysed by Grinder for 6 turns
  1889 | D:3      | HP: 1/32 [Grinder (1)]
  2219 | D:3      | Slain by Grinder

Illustrated notes

Levels and vault maps discovered:
D:1:      wander_arrival_chamber, layout_basic, roderic_roman_lattice
D:2:      layout_basic, uniq_jessica
D:3:      layout_loops_corners, gammafunk_ghost_necromancy,
          basic_ecumenical_altar, chequers_garden, nrook_mini_vaults,
          uniq_grinder

Skill      XL: |  1  2  3 |
---------------+----------+-----
Polearms       | 5 6 |  6.3
Fighting       | |  2.4
Short Blades   | |  0.1
Throwing       | |  2.2
Armour         | |  0.6
Dodging        | |  4.4
Stealth        | |  0.6

Action                   |  1- 3 |  4- 6 || total
-------------------------+-------+-------++-------
Melee: Trident           |    50 |       ||    50
       Dagger            |    18 |    36 ||    54
Throw: Throwing net      |     1 |     1 ||     2
 Stab: Sleeping          |     3 |       ||     3
Armor: Leather armour    |     6 |       ||     6
       Ring mail         |    14 |    15 ||    29
Dodge: Dodged            |    45 |    32 ||    77
